 Dungeon Crawl Stone Soup version 0.28-a0-793-g31680bbd8b (webtiles) character file.

Game seed: 4489169082699371514

336 Rennog the Magician (level 6, 0/44 HPs)
             Began as a Djinni Fire Elementalist on Nov 4, 2021.
             Slain by an adder zombie (3 damage)
             ... in an ossuary.
             The game lasted 00:07:24 (5280 turns).

Rennog the Magician (Djinni Fire Elementalist)      Turns: 5280, Time: 00:07:26

Health: 0/44       AC:  2    Str:  7    XL:     6   Next: 84%
Gold:   187        EV: 13    Int: 19    God:
                   SH:  0    Dex: 13

rFire   + + .      SeeInvis .   m - +0 short sword
rCold   x . .      Faith    .   (no shield)
rNeg    . . .      Spirit   .   a - +0 robe
rPois   ∞          Reflect  .   (no helmet)
rElec   .          Harm     .   (no cloak)
rCorr   .          Rampage  .   (no gloves)
Will    .....                   (boots unavailable)
Stlth   ++........              (no amulet)
HPRegen 0.14/turn               (no ring)
MPRegen 0.00/turn               (no ring)

@: flying
A: sickness immunity, fire resistance 2, cold vulnerability 1, float, innate
caster, hp casting, extra vitality 1
a: no special abilities


You were in an ossuary.
You visited 1 branch of the dungeon, and saw 4 of its levels.
You also visited: Ossuary.

You collected 187 gold pieces.

Inventory:

Hand Weapons
 m - a +0 short sword (weapon)
Armour
 a - a +0 robe (worn)
Scrolls
 b - a scroll of fear
 d - a scroll of holy word
 f - a scroll of immolation
 g - 2 scrolls of summoning
 j - a scroll of amnesia
 k - a scroll of blinking {unknown}
 n - a scroll of identify
 o - a scroll of fog {unknown}
Potions
 c - 2 potions of curing {unknown}
 e - a potion of haste {unknown}
 h - a potion of flight {unknown}
 i - a potion of degeneration {unknown}
 l - a potion of resistance {unknown}
 p - a potion of berserk rage {unknown}


   Skills:
 + Level 2.3 Fighting
 + Level 4.2 Dodging
 - Level 1.5 Stealth
 * Level 4.4 Spellcasting


You couldn't memorise any spells.
You knew the following spells:

 Your Spells              Type           Power      Damage    Failure   Level
a - Foxfire               Conj/Fire      80%        2x1d8     2%          1
b - Scorch                Fire           40%        2d7       3%          2
c - Conjure Flame         Conj/Fire      20%        6-21      6%          3
d - Inner Flame           Hex/Fire       20%        N/A       6%          3
e - Flame Wave            Conj/Fire      20%        3d6       22%         4
f - Freeze                Ice            80%        1d9       2%          1
g - Wereblood             Tmut           20%        N/A       3%          2
Your spell library was empty.

Dungeon Overview and Level Annotations

Branches:
Dungeon (4/15)            Ossuary (1/1)
 Temple: D:4-7

Altars:
Qazlal

Shops:
D:3 [


Innate Abilities, Weirdness & Mutations

You are immune to sickness and miasma.
You are immune to poison.
Your flesh is very heat resistant. (rF++)
You are vulnerable to cold. (rC-)
You float through the air rather than walking.
You learn spells naturally, not from books.
Your magical power is your life essence.
You have superior vitality. (+4 HP)


Message History

Press ? for a list of commands and other information.
The centaur zombie barely misses you. x2
The centaur zombie barely misses you. The centaur zombie kicks you.
* * * LOW HITPOINT WARNING * * *
The centaur zombie closely misses you. The centaur zombie misses you.
Cast which spell? (? or * to list)
You conjure some foxfire!
* * * LOW HITPOINT WARNING * * *
The centaur zombie hits you but does no damage.
The centaur zombie kicks you but does no damage.
Your foxfire dissipates!
The foxfire hits the centaur zombie!
You destroy the centaur zombie!
The adder zombie bites you but does no damage.
Found a gate leading back out of this place.
The adder zombie bites you.
* * * LOW HITPOINT WARNING * * *
The adder zombie bites you.
* * * LOW HITPOINT WARNING * * *
You completely miss the adder zombie. The adder zombie barely misses you.
You closely miss the adder zombie. The adder zombie closely misses you.
Casting: Foxfire (safe; 2% risk of failure)
Confirm with . or Enter, or press ? or * to list all spells.
You conjure some foxfire!
* * * LOW HITPOINT WARNING * * *
The adder zombie bites you.
* * * LOW HITPOINT WARNING * * *
The foxfire hits the adder zombie.
The adder zombie is lightly damaged.
The foxfire hits the adder zombie.
The adder zombie is moderately damaged.
The adder zombie misses you.
Casting: Foxfire (safe; 2% risk of failure)
Confirm with . or Enter, or press ? or * to list all spells.
You conjure some foxfire!
* * * LOW HITPOINT WARNING * * *
The sentinel's mark upon you fades away.
The adder zombie bites you but does no damage.
The adder zombie bites you.
You die...

######################
#....................#
#....................#
#........8..8........#
#....................#
#...######..######...#
#...# #..#v.Z.#...#
#...# #..#v@#.#...#
#...#.####..####.#...#
#...#............#...#
#...#.####.......#...#
#...# #.......#Z..#
#...# #.......#...#
#...# #.∩.....#...#
#..Z# .....+####...#
#...# ###...# #Z..#


You could see an adder zombie (ally target).

Vanquished Creatures
  An elf zombie (Ossuary)
  A centaur zombie (Ossuary)
  An orc wizard (D:4)
  A hound skeleton (D:4)
  4 gnolls
  5 adders
  A howler monkey skeleton (D:3)
  An adder zombie (Ossuary)
  4 worms
  3 orcs
  6 ball pythons
  5 bats
  8 endoplasms
  7 giant cockroaches
  10 goblins
  4 hobgoblins
  5 kobolds
  3 quokkas
  2 frilled lizards
  10 hobgoblin zombies (Ossuary)
  5 kobold zombies (Ossuary)
  5 orc zombies (Ossuary)
  A rat zombie (Ossuary)
93 creatures vanquished.

Vanquished Creatures (others)
  397 foxfires
397 creatures vanquished.

Grand Total: 490 creatures vanquished

Notes
Turn   | Place    | Note
-------+----------+-------------------------------------------
     0 | D:1      | Rennog the Djinni Fire Elementalist began the quest for the
                  | Orb.
     0 | D:1      | Reached XP level 1. HP: 15/15 MP: 0/0
   248 | D:1      | Reached XP level 2. HP: 3/21 MP: 0/0
   718 | D:1      | Found a faded altar of an unknown god.
   733 | D:1      | Found a faded altar of an unknown god.
   828 | D:1      | Reached XP level 3. HP: 14/25 MP: 0/0
   828 | D:1      | Learned a level 1 spell: Freeze
  2109 | D:2      | Reached XP level 4. HP: 29/31 MP: 0/0
  2582 | D:2      | Reached XP level 5. HP: 25/36 MP: 0/0
  2582 | D:2      | Learned a level 2 spell: Wereblood
  2654 | D:2      | Reached skill level 1 in Fighting
  3532 | D:3      | Found a stormy altar of Qazlal.
  4117 | D:3      | Found Todifus's Antique Armour Emporium.
  4420 | D:4      | Reached XP level 6. HP: 21/43 MP: 0/0
  4423 | D:4      | Noticed an ogre
  4529 | D:4      | Noticed a sky beast
  4532 | D:4      | Found a sand-covered staircase.
  4541 | Ossuary  | Entered an ossuary
  5280 | Ossuary  | Slain by an adder zombie

Illustrated notes

Levels and vault maps discovered:
D:1:      lightli_arrival_windingriver, layout_loops_ring,
          hellmonk_ecumenical_altar_the_god_not_taken,
          chequers_serial_rivers_micro_e, st_stairs_9
D:2:      layout_loops_ring
D:3:      layout_loops_corners, nicolae_qazlal_scattered_showers, serial_shops,
          nicolae_shop_statue_plus, corexii_shack, minmay_misc_feat_roman
D:4:      layout_rooms, nicolae_dithmenos_the_darkroom,
          chequers_ossuary_entry_cave
Ossuary:  ossuary_tomb_1

Skill      XL: |  1  2  3  4  5  6 |
---------------+-------------------+-----
Spellcasting   | 3 4 |  4.4
Dodging        | 3 4 |  4.2
Fighting       | 1 2 |  2.3
Stealth        | |  1.5

Action                   |  1- 3 |  4- 6 || total
-------------------------+-------+-------++-------
Melee: Unarmed           |    10 |       ||    10
       Short sword       |       |     2 ||     2
 Cast: Foxfire           |    88 |   146 ||   234
       Scorch            |       |    38 ||    38
       Wereblood         |       |     1 ||     1
  Use: Scroll            |       |     5 ||     5
Armor: Robe              |     2 |    12 ||    14
Dodge: Dodged            |     8 |    45 ||    53

Table legend: (Time is in decaauts)
 A = Elapsed time spent in this place.
 B = Non-inter-level travel time spent in this place.
 C = Inter-level travel time spent in this place.
 D = Time resting spent in this place.
 E = Time spent auto-exploring this place.
 F = Levels seen in this place.
 G = Mean time per level.
                   A        B        C        D        E       F      G
               +--------+--------+--------+--------+--------+-----+--------+
         Total |   5280 |   5112 |    168 |     96 |   4404 |   5 | 1056.0 |
       Dungeon |   4541 |   4373 |    168 |      0 |   3961 |   4 | 1135.2 |
       Ossuary |    738 |    738 |      0 |     96 |    443 |   1 |  738.0 |
               +--------+--------+--------+--------+--------+-----+--------+

Top non-repeatable levels by time:
     D:1: 2106 daAuts
     D:3: 1268 daAuts
     D:2: 1124 daAuts
 Ossuary: 738 daAuts
     D:4: 42 daAuts
